 Dungeon Sprint DCSS version 0.24.1 (webtiles) character file.

Game seed: 1084985249433448674, levelgen mode: deterministic

3537 Groucho the Unseen (level 9, -1/40 HPs)
             Began as a Felid Transmuter on Apr 7, 2020.
             Was a Believer of Uskayaw.
             Slain by a catoblepas (13 damage)
             ... in the Dungeon (Sprint IX: "|||||||||||||||||||||||||||||").
             The game lasted 00:08:47 (2888 turns).

Groucho the Unseen (Felid Transmuter)               Turns: 2888, Time: 00:08:48

Health: -1/40      AC:  2    Str: 11    XL:     9   Next: 82%
Magic:  18/18      EV: 16    Int: 14    God:    Uskayaw [**....]
Gold:   0          SH:  0    Dex: 21    Spells: 9/18 levels left
                                        Lives:  0   Deaths: 2

rFire    . . .     SeeInvis +     - Unarmed
rCold    . . .     Gourm    .   (shield unavailable)
rNeg     . . .     Faith    .   (armour unavailable)
rPois    .         Spirit   .   (helmet unavailable)
rElec    .         Reflect  .   (cloak unavailable)
rCorr    .         Harm     .   (gloves unavailable)
MR       +....     NoTele   +   (boots unavailable)
Stlth    +++++++...             (no amulet)
HPRegen  0.13/turn              l - +3 ring of dexterity
MPRegen  0.16/turn              m - +3 ring of strength

@: petrifying, slow
A: very small, no armour, no weapons or thrown items, stealth, claws 1, fangs 3,
see invisible, carnivore, speed 1, shaggy fur 2, slow metabolism 1, sharp paws
a: Stomp, Line Pass, Renounce Religion


You were in the Dungeon.
You worshipped Uskayaw.
Uskayaw was aware of your devotion.
You were full.

You visited 1 branch

Inventory:

Missiles
 a - 43 arrows
Jewellery
 l - a +3 ring of dexterity (left paw)
 m - a +3 ring of strength (right paw)
Wands
 k - a wand of iceblast (7)
Scrolls
 b - a scroll of fog
 e - 3 scrolls of identify
 h - 5 scrolls of remove curse
 i - 3 scrolls of blinking
 j - 2 scrolls of amnesia
Potions
 d - 2 potions of curing
 f - a potion of berserk rage
 g - 3 potions of magic
 n - 4 potions of heal wounds
 o - a potion of agility
Comestibles
 c - 13 rations


   Skills:
 + Level 5.5 Fighting
 * Level 14.6 Dodging
 * Level 16.0 Stealth
 * Level 11.8 Unarmed Combat
 + Level 5.4 Spellcasting
 + Level 6.4 Transmutations
 + Level 9.7 Invocations


You had 9 spell levels left.
You knew the following spells:

 Your Spells              Type           Power        Failure   Level  Hunger
a - Beastly Appendage     Tmut           ###...       1%          1    None
b - Spider Form           Tmut/Pois      ##........   14%         3    ###....
c - Blade Hands           Tmut           ###.......   32%         5    ######.

Your spell library contained the following spells:

 Spells                   Type           Power        Failure   Level  Hunger
 Sticks to Snakes         Tmut           ###.....     1%          2    ##.....
 Ice Form                 Ice/Tmut       ##......     41%         4    ####...


Dungeon Overview and Level Annotations

Branches:
Dungeon (1/1)

Altars:
Cheibriados
Dithmenos
Elyvilon
Fedhas
Gozag
Hepliaklqana
Kikubaaqudgha
Makhleb
Nemelex Xobeh
Okawaru
Qazlal
Ru
Sif Muna
Trog
Uskayaw
Vehumet
Wu Jian
Xom
Yredelemnul
Zin
The Shining One
Beogh
Jiyva
Lugonu


Innate Abilities, Weirdness & Mutations

You cannot wear armour.
You are incapable of wielding weapons or throwing items.
Your paws allow you to move quietly. (Stealth)
You have sharp claws.
You have razor-sharp teeth.
You have supernaturally acute eyesight. (SInv)
You are carnivorous and can eat meat at any time.
You cover ground quickly.
You are covered in thick fur. (AC +2)
You have a slow metabolism.
Your sharp claws are effective at attacking unaware monsters.


Message History

a +1 chain mail; a hound corpse You scratch the catoblepas.
You claw the catoblepas.
You bite the catoblepas, but do no damage.
The catoblepas is lightly wounded.
The catoblepas gores you!!
Ouch! That really hurt!
You can now pass through a line of other dancers.
You scratch the catoblepas.
You bite the catoblepas, but do no damage.
The catoblepas is lightly wounded.
The catoblepas breathes a plume of calcifying dust at you.
The blast of calcifying dust hits you.
* * * LOW HITPOINT WARNING * * *
You claw the catoblepas!
You bite the catoblepas, but do no damage.
The catoblepas is moderately wounded.
You are engulfed in calcifying dust.
You are slowing down.
The catoblepas gores you!!
You die...

▓.▓.▓.▓.▓
▓)▓.▓.▓.▓
▓(▓.▓'▓.▓
▓)▓.▓.▓.▓
▓(▓.▓.▓.▓
▓'▓.▓[▓.▓
▓§▓.▓?▓.▓
▓§▓.▓.▓.▓
▓@▓.▓.▓.▓
▓Y▓.▓.▓.▓
▓(▓.▓.▓.▓
▓)▓.▓.▓.▓
▓|▓.▓.▓.▓
▓.▓.▓.▓.▓
▓.▓.▓.▓.▓
▓'▓.▓'▓.▓
▓_▓.▓.▓.▓


You could see a catoblepas.

Vanquished Creatures
  A manticore (D)
  3 spiny frogs (D)
  A torpor snail (D)
  2 komodo dragons (D)
  A troll (D)
  5 polar bears (D)
  A wyvern (D)
  A yak (D)
  A vampire mosquito (D)
  2 porcupines (D)
  3 water moccasins (D)
  4 black bears (D)
  2 centaurs (D)
  3 crocodiles (D)
  3 bullfrogs (D)
  A hound (D)
  An iguana (D)
  A dart slug (D)
  A leopard gecko (D)
  A bat (D)
  A giant cockroach (D)
  A jackal (D)
  2 quokkas (D)
  A kobold (D)
  A rat (D)
44 creatures vanquished.

Vanquished Creatures (others)
  A howler monkey (D)
1 creature vanquished.

Grand Total: 45 creatures vanquished

Notes
Turn   | Place    | Note
-------+----------+-------------------------------------------
     0 | D        | Groucho the Felid Transmuter began the quest for the Orb.
     0 | D        | Reached XP level 1. HP: 9/9 MP: 4/4
     5 | D        | Reached skill level 1 in Stealth
     9 | D        | Reached skill level 2 in Stealth
    13 | D        | Reached skill level 3 in Stealth
   303 | D        | Noticed an iguana
   308 | D        | Killed an iguana
   308 | D        | Reached skill level 6 in Stealth
   308 | D        | Reached XP level 2. HP: 12/12 MP: 6/6
   308 | D        | Reached XP level 3. HP: 15/15 MP: 7/7
   316 | D        | Reached skill level 5 in Dodging
   567 | D        | Found a roughly hewn altar of Beogh.
   567 | D        | Found a snail-covered altar of Cheibriados.
   567 | D        | Found a shadowy altar of Dithmenos.
   567 | D        | Found a white marble altar of Elyvilon.
   567 | D        | Found a blossoming altar of Fedhas.
   567 | D        | Found an opulent altar of Gozag.
   568 | D        | Found a hazy altar of Hepliaklqana.
   569 | D        | Found a viscous altar of Jiyva.
   570 | D        | Found an ancient bone altar of Kikubaaqudgha.
   571 | D        | Found a corrupted altar of Lugonu.
   572 | D        | Found a burning altar of Makhleb.
   573 | D        | Found a sparkling altar of Nemelex Xobeh.
   574 | D        | Found an iron altar of Okawaru.
   575 | D        | Found a stormy altar of Qazlal.
   576 | D        | Found a sacrificial altar of Ru.
   577 | D        | Found a shimmering blue altar of Sif Muna.
   578 | D        | Found a bloodstained altar of Trog.
   579 | D        | Found a hide-covered altar of Uskayaw.
   580 | D        | Found a radiant altar of Vehumet.
   581 | D        | Found an ornate altar of the Wu Jian Council.
   582 | D        | Found a shimmering altar of Xom.
   583 | D        | Found a basalt altar of Yredelemnul.
   584 | D        | Found a glowing silver altar of Zin.
   585 | D        | Found a glowing golden altar of the Shining One.
   587 | D        | Became a worshipper of Uskayaw the Reveler
   616 | D        | Noticed a bullfrog
   616 | D        | Noticed a centaur
   616 | D        | Noticed a bullfrog
   616 | D        | Noticed a troll
   616 | D        | Noticed a centaur
   622 | D        | Reached * piety under Uskayaw
   624 | D        | Reached ** piety under Uskayaw
   630 | D        | Reached skill level 7 in Stealth
   630 | D        | Reached skill level 5 in Unarmed Combat
   630 | D        | Reached XP level 4. HP: 19/19 MP: 8/8
   633 | D        | Killed a centaur
   633 | D        | Reached skill level 8 in Stealth
   633 | D        | Reached XP level 5. HP: 22/22 MP: 9/9
   634 | D        | Reached *** piety under Uskayaw
   635 | D        | Killed a troll
   635 | D        | Reached skill level 10 in Stealth
   635 | D        | Reached skill level 5 in Invocations
   635 | D        | Gained mutation: You are covered in thick fur. (AC +2)
                  | [Felid growth]
   635 | D        | Reached XP level 6. HP: 25/25 MP: 9/11
   639 | D        | Reached **** piety under Uskayaw
   646 | D        | Reached ***** piety under Uskayaw
   649 | D        | Reached skill level 10 in Dodging
   649 | D        | Reached skill level 11 in Stealth
   651 | D        | Noticed a troll
   651 | D        | Noticed a catoblepas
   651 | D        | Noticed a vampire mosquito
   651 | D        | Noticed a manticore
   656 | D        | Killed a manticore
   656 | D        | Reached skill level 12 in Stealth
   656 | D        | Reached XP level 7. HP: 24/28 MP: 11/13
   674 | D        | Killed a vampire mosquito
   675 | D        | Slain by a catoblepas
   676 | D        | Reached XP level 6. HP: -3/25 MP: 12/12
   683 | D        | Noticed a polar bear
   683 | D        | Noticed a polar bear
   686 | D        | Noticed a polar bear
   687 | D        | Noticed a polar bear
   697 | D        | Noticed a polar bear
   708 | D        | Killed a polar bear
   708 | D        | Reached XP level 7. HP: 18/28 MP: 12/14
   713 | D        | Reached skill level 13 in Stealth
   714 | D        | Killed a polar bear
   729 | D        | Killed a polar bear
   729 | D        | Reached skill level 10 in Unarmed Combat
   729 | D        | Reached XP level 8. HP: 16/34 MP: 7/15
   734 | D        | Killed a polar bear
   740 | D        | Slain by a polar bear
   741 | D        | Reached XP level 7. HP: -2/31 MP: 4/14
   872 | D        | Killed a polar bear
   920 | D        | Noticed a wyvern
   922 | D        | Reached skill level 14 in Stealth
   923 | D        | Noticed a torpor snail
   924 | D        | Killed a wyvern
   924 | D        | Reached XP level 8. HP: 35/35 MP: 15/15
   927 | D        | Noticed a spiny frog
   935 | D        | Reached skill level 5 in Transmutations
   937 | D        | Killed a spiny frog
   940 | D        | Killed a torpor snail
   940 | D        | Reached skill level 15 in Stealth
   940 | D        | Reached XP level 9. HP: 12/39 MP: 8/16
   968 | D        | HP: 1/39 [poisoned by a spiny frog]
  1573 | D        | Learned a level 3 spell: Spider Form
  1579 | D        | Learned a level 5 spell: Blade Hands
  1581 | D        | Noticed a komodo dragon
  1581 | D        | Noticed a spiny frog
  1581 | D        | Noticed a spiny frog
  1581 | D        | Noticed a komodo dragon
  2195 | D        | Killed a komodo dragon
  2197 | D        | Killed a spiny frog
  2201 | D        | Reached skill level 5 in Fighting
  2207 | D        | Killed a komodo dragon
  2207 | D        | Reached skill level 5 in Spellcasting
  2209 | D        | Killed a spiny frog
  2884 | D        | Reached skill level 16 in Stealth
  2888 | D        | Slain by a catoblepas

Levels and vault maps discovered:
D:        linesprint [early_d, line_temple, items_1, d_10, items_2, lair_1,
          lair_end, items_3, orc_1, orc_end, items_4, d_15, swamp_1, shoals_1,
          snake_1, spider_1, d_20, vaults_1, items_5, swamp_end, shoals_end,
          snake_end, spider_end, vaults_end, d_27, items_6, zot_1, zot_end,
          crypt_end, forest_end, elf_end, slime_end, tomb_end, abyss_end,
          pan_hell_end]

Skill      XL: |  1  2  3  4  5  6  7  8  9 |
---------------+----------------------------+-----
Stealth        | 6 7 8 10 12 14 15 16 | 16.0
Dodging        | 4 5 7 9 11 12 13 14 | 14.6
Unarmed Combat | 4 5 6 7 9 10 11 | 11.8
Invocations    | 2 3 5 8 9 |  9.7
Fighting       | 2 4 5 |  5.5
Transmutations | 4 5 6 |  6.4
Spellcasting   | 3 4 5 |  5.4

Action                   |  1- 3 |  4- 6 |  7- 9 || total
-------------------------+-------+-------+-------++-------
Melee: Unarmed           |    33 |    38 |    81 ||   152
       Bite              |     1 |     5 |    14 ||    20
       Punch             |       |     2 |     3 ||     5
Invok: Line Pass         |       |       |     9 ||     9
Evoke: Wand              |       |       |     3 ||     3
  Use: Potion            |     4 |     2 |     4 ||    10
 Stab: Sleeping          |     2 |       |     2 ||     4
       Invisible         |       |     4 |       ||     4
       Paralysed         |       |     3 |     5 ||     8
       Petrified         |       |       |     1 ||     1
  Eat: Chunk             |     3 |       |     7 ||    10
Armor: Skin              |     1 |     2 |     1 ||     4
Dodge: Dodged            |    23 |    64 |    99 ||   186
